 Dungeon Crawl Stone Soup version 0.31-a0-202-g547052bce9 (webtiles) character file.

Game seed: 12425194368726689677

357 qw the Skirmisher (level 6, -2/35 HPs)
             Began as a Deep Elf Hunter on June 25, 2023.
             Slain by a gnoll bouda
             ... wielding a +0 whip
              (9 damage)
             ... on level 4 of the Dungeon.
             The game lasted 00:01:04 (3504 turns).

qw the Skirmisher (Deep Elf Hunter)                 Turns: 3504, Time: 00:01:04

Health: -2/35      AC:  7    Str: 11 (14) XL:     6   Next: 37%
Magic:  8/8        EV: 12    Int: 13 (14) God:
Gold:   197        SH:  0    Dex: 19 (20) Spells: 5/5 levels left

rFire   . . .        Y - +0 shortbow
rCold   . . .        (shield currently unavailable)
rNeg    . . .        f - +0 ring mail
rPois   .            l - +0 helmet
rElec   .            (no cloak)
rCorr   .            d - +0 pair of gloves
SInv    .            (no boots)
Will    .....        (no amulet)
Stlth   +            h - +6 ring of strength
HPRegen 0.25/turn    (no ring)
MPRegen 0.11/turn

%: no passive effects
@: about to teleport
A: no striking features
a: no special abilities


You were on level 4 of the Dungeon.
You visited 1 branch of the dungeon, and saw 5 of its levels.

You collected 197 gold pieces.


   Skills:
 - Level 2.0 Fighting
 - Level 9.4 Ranged Weapons
 + Level 0.0 Armour
 - Level 3.7 Dodging
 - Level 1.2 Stealth


You had 5 spell levels left.
You didn't know any spells.
Your spell library was empty.

Inventory:

Hand Weapons
 Y - a +0 shortbow (weapon)
Armour
 d - a +0 pair of gloves (worn)
 f - a +0 ring mail (worn)
 l - a +0 helmet (worn)
Jewellery
 e - a ring of fire
 h - a +6 ring of strength (left hand)
Scrolls
 k - a scroll of identify
Potions
 g - a potion of brilliance {unknown}
 i - a potion of curing
 j - 2 potions of heal wounds

Dungeon Overview and Level Annotations

Branches:
Dungeon (5/15)
 Temple: D:4-7

Altars:
Xom


Message History

The gnoll bouda hits you with a +0 whip.
Your Fighting skill increases to level 2!
You shoot an arrow.
The arrow barely misses the gnoll bouda.
Your surroundings suddenly seem different.
Your attacks no longer feel as feeble.
Enter note:
Enter note:
Enter note:
Enter note:
Enter note:
Enter note:
Enter note:
Enter note:
Enter note: You start resting.
A gnoll bouda is nearby!
You shoot an arrow.
The arrow barely misses the gnoll bouda.
You shoot an arrow.
The arrow hits the gnoll bouda but does no damage.
You shoot an arrow.
The arrow barely misses the gnoll bouda.
You shoot an arrow.
The arrow hits the gnoll bouda but does no damage.
The gnoll bouda barely misses you.
You shoot an arrow. The arrow hits the gnoll bouda.
The gnoll bouda is lightly wounded.
The gnoll bouda hits you with a +0 whip.
You shoot an arrow.
The arrow closely misses the gnoll bouda.
The gnoll bouda hits you with a +0 whip.
You shoot an arrow. The arrow hits the gnoll bouda!
The gnoll bouda is severely wounded.
The gnoll bouda hits you with a +0 whip!
3504 ||| READING scroll of teleportation.
As you read the scroll of teleportation, it crumbles to dust.
You feel strangely unstable.
The gnoll bouda hits you with a +0 whip!
You die...

###.##........#..#####%##
# ##.#..........## ##>#
###..............## ##.##
.#.###...[......#.###.##
#.#####.......#.#..#.##
#.)..........##.#.#.##
.............##.#.#<#
..#####..#...<#g#.#.##
..######.....#..@....#
#...........##.#####.#
#.########..##.# #.#
#....#.........# #.#
####.#.###.###.# #.#
#....#.# #.# #.#####.#
#.####.# #.###.......#
#.# #.# #........#### ..#
#.# #..###.###


You could see a gnoll bouda.

Vanquished Creatures
  Blork the orc (D:4)
  A bullfrog (D:4)
  2 hounds
  A jelly (D:4)
  A gnoll (D:4)
  5 adders
  An ufetubus (D:4)
  2 worms (D:2)
  3 orcs
  8 ball pythons
  3 endoplasms
  3 giant cockroaches
  6 hobgoblins
  6 jackals
  6 kobolds
  3 quokkas
  4 bats (D:3)
  A frilled lizard (D:2)
  7 goblins
64 creatures vanquished.

Notes
Turn   | Place    | Note
-------+----------+-------------------------------------------
     0 | D:1      | qw the Deep Elf Hunter began the quest for the Orb.
     0 | D:1      | Reached XP level 1. HP: 12/12 MP: 3/3
     0 | D:1      | 0 ||| qw: Version: 0.3-a-22-g0ed2b0b
     0 | D:1      | 0 ||| qw: Game counter: 5705
     0 | D:1      | 0 ||| qw: Melee chars always use a shield: true
     0 | D:1      | 0 ||| qw: God list: Okawaru
     0 | D:1      | 0 ||| qw: Allow faded altars: false
     0 | D:1      | 0 ||| qw: Do Orc after clearing Dungeon:15 true
     0 | D:1      | 0 ||| qw: Do second Lair branch before Depths: true
     0 | D:1      | 0 ||| qw: Lair rune preference: random
     0 | D:1      | 0 ||| qw: Goals: Normal
     0 | D:1      | 0 ||| PLANNING D:1-11
   339 | D:1      | You fall into a shaft and drop 1 floor!
   421 | D:2      | Reached XP level 2. HP: 16/16 MP: 4/4
   435 | D:2      | Reached skill level 6 in Ranged Weapons
   597 | D:2      | 597 ||| UPGRADING to +0 pair of gloves.
   602 | D:2      | 602 ||| UPGRADING to +0 scale mail.
   612 | D:2      | 612 ||| DROPPING +0 leather armour.
   613 | D:2      | 613 ||| UPGRADING to +0 ring mail.
   623 | D:2      | 623 ||| DROPPING +0 scale mail.
   624 | D:2      | 624 ||| UPGRADING to +6 ring of strength.
   625 | D:2      | 625 ||| DROPPING +6 ring of intelligence.
   626 | D:2      | 626 ||| DRINKING 2 puce potions.
   627 | D:2      | 627 ||| DROPPING scroll of butterflies.
   763 | D:1      | 763 ||| READING 2 scrolls labelled QODI CEALUMOQ.
  1076 | D:1      | 1076 ||| READING scroll labelled GAEGHINICROT.
  1188 | D:2      | Reached XP level 3. HP: 17/20 MP: 5/5
  1563 | D:2      | Reached skill level 7 in Ranged Weapons
  1887 | D:3      | 1887 ||| Stepping ~*~*~tactically~*~*~ (water).
  2053 | D:3      | Found a faded altar of an unknown god.
  2210 | D:3      | Reached XP level 4. HP: 25/25 MP: 6/6
  2694 | D:3      | 2694 ||| UPGRADING to +0 helmet.
  2699 | D:3      | 2699 ||| READING scroll labelled JEFOOS LO OMP.
  2700 | D:3      | 2700 ||| DRINKING 2 lumpy red potions.
  2724 | D:4      | 2724 ||| STAIRDANCE
  2728 | D:3      | Reached skill level 8 in Ranged Weapons
  2747 | D:4      | Reached XP level 5. HP: 29/29 MP: 7/7
  2844 | D:4      | Reached skill level 9 in Ranged Weapons
  2975 | D:4      | Noticed Blork the orc
  2987 | D:4      | Killed Blork the orc
  2988 | D:4      | Reached skill level 3 in Dodging
  2988 | D:4      | Reached XP level 6. HP: 32/34 MP: 8/8
  3049 | D:4      | Found a shimmering altar of Xom.
  3464 | D:4      | 3464 ||| READING scroll labelled TOADWUU ILYRA.
  3465 | D:4      | 3465 ||| READING scroll labelled ATTUOLIMMO.
  3466 | D:4      | 3466 ||| DRINKING 2 brown potions.
  3467 | D:4      | 3467 ||| READING 2 scrolls of identify.
  3467 | D:4      | 3467 ||| IDENTIFYING fizzy ruby potion
  3468 | D:4      | 3468 ||| DROPPING potion of ambrosia.
  3469 | D:4      | 3469 ||| DROPPING potion of degeneration.
  3479 | D:5      | Entered Level 5 of the Dungeon
  3482 | D:5      | 3482 ||| STAIRDANCE
  3487 | D:4      | HP: 5/35 [gnoll/+0 flail[a gnoll bouda] (6)]
  3488 | D:4      | 3488 ||| READING 2 scrolls of teleportation.
  3489 | D:4      | 3489 ||| DRINKING 3 potions of heal wounds.
  3503 | D:4      | HP: 7/35 [gnoll bouda/+0 whip (8)]
  3504 | D:4      | 3504 ||| READING scroll of teleportation.
  3504 | D:4      | Slain by a gnoll bouda

Levels and vault maps discovered:
D:1:      minmay_arrival_three_doors, layout_loops_ring,
          chequers_serial_rivers_small_3, serial_bayou_lagoon_a
D:2:      layout_basic, nicolae_hexahallways
D:3:      layout_basic, nicolae_ecumenical_lake_church
D:4:      layout_loops_ring, nicolae_overflow_hidden_temple,
          nicolae_overflow_crystal_walls, minmay_tree_intersection,
          uniq_blork_the_orc
D:5:      layout_cave_pools, minmay_temple_entry_overgrown, uniq_ijyb

Skill      XL: |  1  2  3  4  5  6 |
---------------+-------------------+-----
Ranged Weapons | 6 7 8 9 |  9.4
Dodging        | 3 |  3.7
Fighting       | 2 |  2.0
Stealth        | |  1.2

Action                     |  1- 3 |  4- 6 || total
---------------------------+-------+-------++-------
   Fire: Shortbow          |   105 |    94 ||   199
    Use: Scroll            |     2 |     6 ||     8
         Potion            |     1 |     3 ||     4
 Armour: Ring mail         |    12 |    14 ||    26
         Leather armour    |     1 |       ||     1
  Dodge: Dodged            |    18 |    24 ||    42

Table legend:
 A = Non-vault XP
 B = Vault XP
 C = Vault XP percentage of total XP
 D = Non-vault monster count
 E = Vault monster count
 F = Vault count percentage of total count
                 A         B        C        D         E       F
            +---------+---------+-------+---------+---------+-------
      Total |     412 |      99 |  19.4 |      63 |       1 |   1.6
            +---------+---------+-------+---------+---------+-------
        D:1 |      11 |       0 |   0.0 |       6 |       0 |   0.0
        D:2 |      55 |       0 |   0.0 |      16 |       0 |   0.0
        D:3 |      91 |       0 |   0.0 |      20 |       0 |   0.0
        D:4 |     255 |      99 |  28.0 |      21 |       1 |   4.5
            +---------+---------+-------+---------+---------+-------
